 Dungeon Crawl Stone Soup version 0.19.0-11-g3fc08b3 (webtiles) character file.

76 Andry07 the Skirmisher (level 4, -1/31 HPs)
             Began as a Gargoyle Fighter on Nov 8, 2016.
             Killed from afar by Natasha (6 damage)
             ... with a magic dart
             ... on level 2 of the Dungeon.
             The game lasted 00:03:40 (1327 turns).

Andry07 the Skirmisher (Gargoyle Fighter)           Turns: 1327, Time: 00:03:41

Health: -1/31      AC: 10    Str: 20    XL:     4   Next: 32%
Magic:  4/4        EV:  7    Int:  9    God:
Gold:   95         SH:  9    Dex:  9    Spells: 0 memorised, 3 levels left

rFire  . . .     SeeInvis .     a - +0 flail
rCold  . . .     Gourm    .     b - +0 scale mail
rNeg   + . .     Faith    .     c - +0 shield
rPois  ∞         Spirit   .     (no helmet)
rElec  +         Reflect  .     (no cloak)
rCorr  .         Harm     .     (no gloves)
MR     .....                    (no boots)
Stlth  ..........               (no amulet)
                                (no ring)
                                (no ring)

@: slowed, very slow
A: negative energy resistance 1, electricity resistance, unbreathing,
petrification resistance, rot immunity, AC +3
a: no special abilities


You were on level 2 of the Dungeon.
You were hungry.

You visited 1 branch of the dungeon, and saw 2 of its levels.

You collected 95 gold pieces.

Inventory:

Hand Weapons
 a - a +0 flail (weapon)
Armour
 b - a +0 scale mail (worn)
 c - a +0 shield (worn)
Jewellery
 k - an uncursed ring of protection from magic {unknown}
 q - a +1 ring of evasion {unknown}
Scrolls
 e - a scroll of amnesia {unknown}
 g - a scroll of fog {unknown}
 i - 2 scrolls of identify {unknown}
 l - a scroll of remove curse {unknown}
 m - 2 scrolls of enchant weapon {unknown}
 o - a scroll of blinking {unknown}
 p - a scroll of teleportation {unknown}
 r - a scroll of immolation {unknown}
Potions
 d - a potion of might
 h - a potion of degeneration {unknown}
 j - 2 potions of curing {unknown}
 n - 2 potions of brilliance {unknown}
Comestibles
 f - a bread ration


   Skills:
 * Level 5.5 Fighting
 - Level 2.0 Maces & Flails
 - Level 3.2 Armour
 - Level 3.2 Shields


You had 3 spell levels left.
You didn't know any spells.

Dungeon Overview and Level Annotations

Branches:
Dungeon (2/15)

Altars:

Annotations:
D:2 1 runed door, Natasha


Innate Abilities, Weirdness & Mutations

You are resistant to torment.
Your stone body is resilient. (AC +3)
You are immune to poison.
You resist negative energy. (rN+)
You are resistant to electric shocks. (rElec)
You can survive without breathing.
You are immune to petrification.
You are immune to rotting.


Message History

Natasha casts a spell at you. The magic dart hits you!
* * * LOW HITPOINT WARNING * * *
You block the shadow imp's attack.
The crimson imp blinks!
Natasha stares at you and mumbles some strange words.
The magic dart hits you!
* * * LOW HITPOINT WARNING * * *
Natasha mumbles some strange words.
You block the shadow imp's attack. You block the crimson imp's attack.
The shadow imp disappears in a puff of smoke!
Things that are here:
a short sword; a kobold corpse You block the crimson imp's attack.
The crimson imp blinks!
You see here a stone.
Natasha casts a spell at you. The magic dart hits you!
You die...

#####
############
#...#
#.(.h......#
###...###
#@########.#
#....<..#####.#
##...#.#
#.............#
#....5h#
#.......#######
#.............
######.........#
#.....########
..........####.#
##...#
.######.### ###
#### .# #.### .#
#...#


You could see Natasha.

Vanquished Creatures
  Robin (D:2)
  An adder (D:2)
  An ooze (D:1)
  A worm (D:2)
  A dart slug (D:1)
  2 leopard geckos
  A giant cockroach (D:1)
  9 goblins
  7 hobgoblins
  4 kobolds
  A quokka (D:2)
  4 bats
  4 frilled lizards
  6 rats
43 creatures vanquished.

Notes
Turn   | Place    | Note
-------+----------+-------------------------------------------
     0 | D:1      | Andry07 the Gargoyle Fighter began the quest for the Orb.
     0 | D:1      | Reached XP level 1. HP: 14/14 MP: 1/1
   139 | D:1      | Reached XP level 2. HP: 15/20 MP: 2/2
   149 | D:1      | Reached skill level 4 in Fighting
   446 | D:1      | Reached XP level 3. HP: 6/24 MP: 3/3
   786 | D:2      | Noticed Robin
   815 | D:2      | Killed Robin
   815 | D:2      | Reached skill level 5 in Fighting
  1108 | D:2      | Reached XP level 4. HP: 31/31 MP: 4/4
  1253 | D:2      | Found a runed door.
  1305 | D:2      | Noticed Natasha
  1327 | D:2      | Killed from afar by Natasha

Skill      XL: |  1  2  3 |
---------------+----------+-----
Fighting       | 4 5 |  5.5
Maces & Flails | |  2.0
Armour         | |  3.2
Shields        | |  3.2

Action                   |  1- 3 |  4- 6 || total
-------------------------+-------+-------++-------
Melee: Flail             |   145 |    38 ||   183
  Eat: Chunk             |     1 |       ||     1
Armor: Scale mail        |    92 |    15 ||   107
Dodge: Dodged            |    59 |    12 ||    71
Block: Shield            |   101 |    23 ||   124
